 Dungeon Crawl Stone Soup version 0.27-a0-1065-ge809cff456 (webtiles) character file.

Game seed: 13542838204322442123

44 rageheart7 the Sneak (level 3, -3/20 HPs)
             Began as a Tengu Enchanter on Apr 23, 2021.
             Slain by a black bear (5 damage)
             ... on level 2 of the Dungeon.
             The game lasted 00:01:16 (1503 turns).

rageheart7 the Sneak (Tengu Enchanter)              Turns: 1503, Time: 00:01:17

Health: -3/20      AC:  2    Str:  9    XL:     3   Next: 60%
Magic:  7/7        EV: 12    Int: 15    God:
Gold:   14         SH:  0    Dex: 14    Spells: 5/6 levels left

rFire    . . .     SeeInvis .   a - +1 dagger
rCold    . . .     Faith    .   (no shield)
rNeg     . . .     Spirit   .   b - +0 robe
rPois    .         Reflect  .   (helmet restricted)
rElec    .         Harm     .   (no cloak)
rCorr    .         Rampage  .   (no gloves)
Will     .....                  (boots unavailable)
Stlth    ++........             (no amulet)
HPRegen  0.06/turn              d - +4 ring of slaying
MPRegen  0.10/turn              (no ring)

@: no status effects
A: beak, talons 3
a: no special abilities


You were on level 2 of the Dungeon.
You visited 1 branch of the dungeon, and saw 2 of its levels.

You collected 14 gold pieces.

Inventory:

Hand Weapons
 a - a +1 dagger (weapon)
Armour
 b - a +0 robe (worn)
Jewellery
 d - a +4 ring of slaying (left hand)
 h - a ring of ice
Scrolls
 c - 2 scrolls of enchant weapon {unknown}
 g - a scroll of identify {unknown}
 i - a scroll of summoning {unknown}
Potions
 e - 2 potions of curing {unknown}
 f - a potion of berserk rage {unknown}


   Skills:
 + Level 1.2 Fighting
 * Level 2.4 Short Blades
 - Level 2.1 Dodging
 * Level 3.7 Stealth
 - Level 2.0 Spellcasting
 - Level 2.1 Hexes


You had 5 spell levels left.
You knew the following spells:

 Your Spells              Type           Power      Damage    Failure   Level
a - Corona                Hex            8%         N/A       9%          1

Your spell library contained the following spells:

 Spells                   Type           Power      Damage    Failure   Level
 Ensorcelled Hibernation  Hex/Ice        8%         N/A       22%         2
 Confusing Touch          Hex            8%         N/A       26%         3
 Tukima's Dance           Hex            8%         N/A       26%         3
 Dazzling Flash           Conj/Hex       8%         N/A       38%         3


Dungeon Overview and Level Annotations

Branches:
Dungeon (2/15)

Altars:


Innate Abilities, Weirdness & Mutations

You have a beak for a mouth.
You have claws for feet.


Message History

A black bear is nearby!
The black bear growls angrily.
The black bear bites you. The black bear claws you.
The black bear closely misses you.
You closely miss the black bear. The black bear barely misses you.
The black bear misses you. The black bear claws you.
You hit the black bear. Your kick misses the black bear.
The black bear is lightly wounded.
The black bear bites you. The black bear misses you. The black bear claws you.
You closely miss the black bear. You peck the black bear.
The black bear is lightly wounded.
The black bear closely misses you. The black bear claws you.
The black bear claws you but does no damage.
You are too injured to fight recklessly!
You are too injured to fight recklessly!
You are too injured to fight recklessly!
You are too injured to fight recklessly!
You are too injured to fight recklessly!
You are too injured to fight recklessly!
You are too injured to fight recklessly!
You are too injured to fight recklessly!
You are too injured to fight recklessly!
You are too injured to fight recklessly!
You are too injured to fight recklessly!
You are too injured to fight recklessly!
You hit the black bear. Your kick misses the black bear.
The black bear is moderately wounded.
You hit the black bear. Your kick misses the black bear.
The black bear is heavily wounded.
The black bear bites you but does no damage.
The black bear barely misses you. The black bear claws you.
You hit the black bear. Your kick misses the black bear.
You peck the black bear.
The black bear is severely wounded.
The black bear bites you.
* * * LOW HITPOINT WARNING * * *
The black bear claws you.
* * * LOW HITPOINT WARNING * * *
The black bear claws you.
You die...

#........##.##.# ###.#
#......).##.##'####...###
+........##.#...........#
#......<....#†..........#
#.......#####...........#
######### #...........#
#...........#
#...........#
#...@.......#
#...h.......#
#........... #...........
#........... ############


You could see a black bear.

Vanquished Creatures
  4 dart slugs
  A ball python (D:1)
  6 endoplasms (D:1)
  3 giant cockroaches (D:1)
  5 goblins
  4 hobgoblins (D:1)
  A kobold (D:1)
  5 bats (D:1)
  A frilled lizard (D:1)
  A rat (D:1)
31 creatures vanquished.

Notes
Turn   | Place    | Note
-------+----------+-------------------------------------------
     0 | D:1      | rageheart7 the Tengu Enchanter began the quest for the Orb.
     0 | D:1      | Reached XP level 1. HP: 10/10 MP: 4/4
   196 | D:1      | Reached XP level 2. HP: 9/16 MP: 6/6
   735 | D:1      | Reached XP level 3. HP: 18/20 MP: 7/7
   828 | D:1      | Reached skill level 1 in Fighting
  1492 | D:2      | Noticed a black bear
  1503 | D:2      | Slain by a black bear

Illustrated notes

Levels and vault maps discovered:
D:1:      amcnicky_arrival_single_pillar, layout_basic, kennysheep_crisscross
D:2:      layout_basic, ebering_ecumenical_altar_rust, serial_shops, shop,
          uniq_jessica

Skill      XL: |  1  2  3 |
---------------+----------+-----
Short Blades   | 2 |  2.4
Fighting       | 1 |  1.2
Dodging        | |  2.1
Stealth        | |  3.7
Spellcasting   | |  2.0
Hexes          | |  2.1

Action                   || total
-------------------------++-------
Melee: Dagger            ||    70
       Kick              ||    11
       Peck              ||    10
 Stab: Sleeping          ||     8
       Distracted        ||     1
Armor: Robe              ||    17
Dodge: Dodged            ||    34

Table legend: (Time is in decaauts)
 A = Elapsed time spent in this place.
 B = Non-inter-level travel time spent in this place.
 C = Inter-level travel time spent in this place.
 D = Time resting spent in this place.
 E = Time spent auto-exploring this place.
 F = Levels seen in this place.
 G = Mean time per level.
                   A        B        C        D        E       F      G
               +--------+--------+--------+--------+--------+-----+--------+
         Total |   1495 |   1475 |     20 |      0 |   1274 |   2 |  747.5 |
       Dungeon |   1495 |   1475 |     20 |      0 |   1274 |   2 |  747.5 |
               +--------+--------+--------+--------+--------+-----+--------+

Top non-repeatable levels by time:
     D:1: 1306 daAuts
     D:2: 188 daAuts
